 Dungeon Crawl Stone Soup version 0.31-a0-216-g22e908daa7 (webtiles) character file.

Game seed: 8014914270899504748

151 qw the Shooter (level 5, 0/41 HPs)
             Began as a Minotaur Hexslinger on July 2, 2023.
             Slain by a worm (9 damage)
             ... on level 4 of the Dungeon.
             The game lasted 00:00:53 (1872 turns).

qw the Shooter (Minotaur Hexslinger)                Turns: 1872, Time: 00:00:53

Health: 0/41       AC:  5    Str: 12    XL:     5   Next: 10%
Magic:  5/5        EV: 11    Int: 10    God:
Gold:   157        SH:  0    Dex: 15    Spells: 5/6 levels left

rFire   . . .        Y - +1 sling
rCold   . . .        (no shield)
rNeg    . . .        h - +0 ring mail
rPois   .            (helmet restricted)
rElec   .            (no cloak)
rCorr   .            (no gloves)
SInv    .            (no boots)
Will    .....        (no amulet)
Stlth   +            (no ring)
HPRegen 0.26/turn    (no ring)
MPRegen 0.09/turn

%: no passive effects
@: no status effects
A: horns 2, retaliatory headbutt
a: no special abilities


You were on level 4 of the Dungeon.
You visited 1 branch of the dungeon, and saw 4 of its levels.

You collected 157 gold pieces.


Innate Abilities, Weirdness & Mutations

You have a pair of horns on your head.
You reflexively headbutt those who attack you in melee.


   Skills:
 + Level 2.0 Fighting
 - Level 5.1 Ranged Weapons
 - Level 2.1 Armour
 - Level 2.1 Dodging
 - Level 1.0 Spellcasting
 - Level 2.0 Hexes


You had 5 spell levels left.
You knew the following spells:

 Your Spells              Type           Power      Damage    Failure   Level
a - Slow                  Hex            16%        N/A       32%         1

Your spell library contained the following spells:

 Spells                   Type           Power      Damage    Failure   Level
 Inner Flame              Hex/Fire       2%         N/A       83%         3
 Portal Projectile        Hex/Tloc       4%         N/A       83%         3
 Cause Fear               Hex            2%         N/A       97%         4

Inventory:

Hand Weapons
 Y - a +1 sling (weapon)
Armour
 h - a +0 ring mail (worn)
Scrolls
 b - a scroll of identify
Potions
 a - a potion of heal wounds {unknown}
 d - 2 potions of curing
 e - a potion of brilliance {unknown}
 f - a potion of haste

Dungeon Overview and Level Annotations

Branches:
Dungeon (4/15)
 Temple: D:4-7

Altars:

Shops:
D:2 (

Portals:
Abyss: D:3

Annotations:
D:3 2 transporters, qw's ghost, amateur MiHs


Message History

The jelly is heavily wounded.
The jelly hits you but does no damage.
You shoot a sling bullet. The sling bullet hits the jelly!
The jelly is almost dead.
The kobold throws a stone.
The stone hits you. The jelly hits you.
You are splashed with acid!
You shoot a sling bullet. The sling bullet hits the jelly.
You kill the jelly!
Your Ranged Weapons skill increases to level 5!
You have reached level 5!
You shoot a sling bullet.
The sling bullet closely misses the kobold.
You shoot a sling bullet.
The sling bullet barely misses the kobold.
The kobold closely misses you.
You shoot a sling bullet. The sling bullet hits the worm.
The worm is moderately wounded.
The kobold barely misses you.
You shoot a sling bullet. The sling bullet hits the worm.
The worm is moderately wounded.
The kobold barely misses you. You furiously retaliate!
You headbutt the kobold. The worm bites you.
The kobold hits you but does no damage.
You shoot a sling bullet.
The sling bullet hits the worm but does no damage.
The worm is moderately wounded.
The kobold barely misses you. The worm closely misses you.
You shoot a sling bullet. The sling bullet hits the worm!
The worm is severely wounded.
The kobold barely misses you. You furiously retaliate!
You headbutt the kobold!
You kill the kobold!
The worm barely misses you.
You shoot a sling bullet.
The sling bullet completely misses the worm.
The worm closely misses you. You furiously retaliate!
You headbutt the worm. You shoot a sling bullet.
The sling bullet hits the worm.
The worm is severely wounded.
You shoot a sling bullet. The sling bullet hits the worm.
The worm is severely wounded.
The worm bites you!
You die...

.# .# .# .# ###
#########.# ....
#>........#..####.
.................
#...@.###.#.#
#..w#)......#
#.#.#.#.....# ..
#.#.#<..#...# #.
..#.#.#.# ... #
..#.#.#.# #
...#.#.#+#
#....#.. ..#..


You could see a worm.

Vanquished Creatures
  A jelly (D:4)
  Jessica (D:3)
  An iguana (D:3)
  A worm (D:3)
  2 orcs
  4 ball pythons
  9 bats
  8 endoplasms
  4 giant cockroaches (D:1)
  7 goblins
  6 hobgoblins
  2 quokkas
  3 frilled lizards
  10 kobolds
  2 rats (D:1)
61 creatures vanquished.

Notes
Turn   | Place    | Note
-------+----------+-------------------------------------------
     0 | D:1      | qw the Minotaur Hexslinger began the quest for the Orb.
     0 | D:1      | Reached XP level 1. HP: 16/16 MP: 1/1
     0 | D:1      | 0 ||| qw: Version: 0.3-a-40-ge99b1a8
     0 | D:1      | 0 ||| qw: Game counter: 7940
     0 | D:1      | 0 ||| qw: Melee chars always use a shield: true
     0 | D:1      | 0 ||| qw: God list: Okawaru
     0 | D:1      | 0 ||| qw: Allow faded altars: false
     0 | D:1      | 0 ||| qw: Do Orc after clearing Dungeon:15 true
     0 | D:1      | 0 ||| qw: Do second Lair branch before Depths: true
     0 | D:1      | 0 ||| qw: Lair rune preference: random
     0 | D:1      | 0 ||| qw: Goals: Normal
     0 | D:1      | 0 ||| PLANNING D:1-11
    89 | D:1      | Reached skill level 3 in Ranged Weapons
    89 | D:1      | Reached XP level 2. HP: 23/23 MP: 2/2
   322 | D:1      | Found a faded altar of an unknown god.
   521 | D:1      | Reached XP level 3. HP: 29/29 MP: 3/3
   655 | D:1      | 655 ||| UPGRADING to +0 leather armour.
   665 | D:1      | 665 ||| DROPPING +0 robe.
   666 | D:1      | 666 ||| UPGRADING to +0 ring mail.
   676 | D:1      | 676 ||| DROPPING +0 leather armour.
   677 | D:1      | 677 ||| READING scroll labelled DUPEURPH ISYPN.
   678 | D:1      | 678 ||| READING scroll labelled YQAODGH UWIARESH.
   679 | D:1      | 679 ||| DROPPING scroll of poison.
  1001 | D:2      | Found Ralenuar's Weapon Shoppe.
  1009 | D:2      | Reached skill level 4 in Ranged Weapons
  1180 | D:2      | 1180 ||| READING scroll labelled KIDULOGUIF.
  1181 | D:2      | 1181 ||| READING 3 scrolls labelled MEMAEC ADAI.
  1182 | D:2      | 1182 ||| READING scroll labelled BENIRENEUNG.
  1183 | D:2      | 1183 ||| READING scroll labelled VOEDASHRO UCVUL.
  1184 | D:2      | 1184 ||| DRINKING 2 fuming silvery potions.
  1185 | D:2      | 1185 ||| READING 2 scrolls of identify.
  1185 | D:2      | 1185 ||| IDENTIFYING smoky red potion
  1219 | D:3      | Noticed Jessica
  1226 | D:3      | Killed Jessica
  1227 | D:3      | Reached XP level 4. HP: 34/36 MP: 4/4
  1360 | D:3      | Found a transporter.
  1432 | D:3      | Found a transporter.
  1478 | D:3      | HP: 6/36 [worm (4)]
  1520 | D:3      | 1520 ||| FLEEEEING.
  1521 | D:3      | 1521 ||| FLEEEEING.
  1522 | D:3      | 1522 ||| FLEEEEING.
  1523 | D:3      | 1523 ||| FLEEEEING.
  1524 | D:3      | 1524 ||| FLEEEEING.
  1629 | D:3      | Noticed qw's ghost (amateur MiHs)
  1690 | D:3      | Found a one-way gate to the infinite horrors of the Abyss.
  1782 | D:3      | 1782 ||| READING scroll labelled TEIBBIBBYOGA.
  1848 | D:4      | 1848 ||| PLANNING SEWER
  1862 | D:4      | HP: 9/36 [acid (8)]
  1864 | D:4      | Reached skill level 5 in Ranged Weapons
  1864 | D:4      | Reached XP level 5. HP: 11/41 MP: 5/5
  1867 | D:4      | HP: 7/41 [worm (5)]
  1872 | D:4      | Slain by a worm

Levels and vault maps discovered:
D:1:      evilmike_arrival_grusome_pit, layout_loops_ring,
          ebering_ecumenical_altar_mist, st_stairs_7
D:2:      layout_rooms, serial_shops, nicolae_shop_bloodbath_and_beyond
D:3:      layout_basic, gammafunk_ghost_abyssal_escape, uniq_jessica
D:4:      layout_basic, mainiacjoe_overflow_concentric_impassable,
          mainiacjoe_overflow_alcove_4, portal_sewer_entry_b

Skill      XL: |  1  2  3  4 |
---------------+-------------+-----
Ranged Weapons | 3 4 5 |  5.1
Fighting       | 2 |  2.0
Armour         | 2 |  2.1
Dodging        | |  2.1
Spellcasting   | |  1.0
Hexes          | |  2.0

Action                     |  1- 3 |  4- 6 || total
---------------------------+-------+-------++-------
   Fire: Sling             |   136 |    74 ||   210
    Use: Scroll            |     7 |     1 ||     8
         Potion            |     1 |       ||     1
 Armour: Robe              |    10 |       ||    10
         Ring mail         |    19 |     8 ||    27
  Dodge: Dodged            |    43 |    26 ||    69

Table legend:
 A = Non-vault XP
 B = Vault XP
 C = Vault XP percentage of total XP
 D = Non-vault monster count
 E = Vault monster count
 F = Vault count percentage of total count
                 A         B        C        D         E       F
            +---------+---------+-------+---------+---------+-------
      Total |     178 |      38 |  17.6 |      59 |       2 |   3.3
            +---------+---------+-------+---------+---------+-------
        D:1 |      45 |       1 |   2.2 |      28 |       1 |   3.4
        D:2 |      17 |       0 |   0.0 |      10 |       0 |   0.0
        D:3 |      67 |      37 |  35.6 |      17 |       1 |   5.6
        D:4 |      49 |       0 |   0.0 |       4 |       0 |   0.0
            +---------+---------+-------+---------+---------+-------
